 Dungeon Crawl Stone Soup version 0.23-a0-350-g6fd5563 (webtiles) character file.

4 Garbasso the Vexing (level 1, -3/17 HPs)
             Began as a Gnoll Wanderer on Oct 20, 2018.
             Slain by a hobgoblin
             ... wielding a +0 club
              (5 damage)
             ... on level 1 of the Dungeon.
             The game lasted 00:01:00 (89 turns).

Garbasso the Vexing (Gnoll Wanderer)                  Turns: 89, Time: 00:01:01

Health: -3/17      AC:  2    Str: 14    XL:     1   Next: 60%
Magic:  4/4        EV:  8    Int: 13    God:
Gold:   10         SH:  8    Dex: 15    Spells: 5/5 levels left

rFire    . . .     SeeInvis .   e - +0 dagger
rCold    . . .     Gourm    .   a - +0 shield
rNeg     . . .     Faith    .   d - +0 robe
rPois    .         Spirit   .   (no helmet)
rElec    .         Reflect  .   (no cloak)
rCorr    .         Harm     .   (no gloves)
MR       .....                  (no boots)
Stlth    ++........             (no amulet)
HPRegen  0.05/turn              (no ring)
MPRegen  0.09/turn              (no ring)

@: no status effects
A: distributed training, fangs 1, strong nose
a: no special abilities


You were on level 1 of the Dungeon.
You were not hungry.

You visited 1 branch of the dungeon, and saw 1 of its levels.

You collected 10 gold pieces.

Inventory:

Hand Weapons
 e - a +0 dagger (weapon)
Armour
 a - a +0 shield (worn)
 d - a +0 robe (worn)
Jewellery
 b - an uncursed amulet of harm {unknown}
Scrolls
 h - a scroll of identify {unknown}
 i - a scroll of blinking {unknown}
Potions
 c - a potion of curing
Comestibles
 f - a ration
 g - 2 chunks of flesh


   Skills:
 + Level 2.3 Fighting
 + Level 0.0 Short Blades
 + Level 2.3 Long Blades
 + Level 0.0 Axes
 + Level 0.0 Maces & Flails
 + Level 0.0 Polearms
 + Level 0.0 Staves
 + Level 0.0 Slings
 + Level 0.0 Bows
 + Level 0.0 Crossbows
 + Level 2.3 Throwing
 + Level 0.0 Armour
 + Level 0.0 Dodging
 + Level 2.1 Stealth
 + Level 2.3 Shields
 + Level 0.0 Unarmed Combat
 + Level 2.6 Spellcasting
 + Level 0.0 Conjurations
 + Level 5.3 Hexes
 + Level 0.0 Charms
 + Level 0.0 Summonings
 + Level 0.0 Necromancy
 + Level 0.0 Translocations
 + Level 0.0 Transmutations
 + Level 0.0 Fire Magic
 + Level 1.9 Ice Magic
 + Level 0.0 Air Magic
 + Level 0.0 Earth Magic
 + Level 0.0 Poison Magic
 + Level 0.1 Invocations
 + Level 0.0 Evocations


You had 5 spell levels left.
You didn't know any spells.
Your spell library contained the following spells:

 Spells                   Type           Power        Failure   Level  Hunger
 Ensorcelled Hibernation  Hex/Ice        ##....       38%         2    ###....
 Throw Frost              Conj/Ice       #.....       77%         2    ###....


Dungeon Overview and Level Annotations

Branches:
Dungeon (1/15)

Altars:


Innate Abilities, Weirdness & Mutations

Your experience applies equally to all skills.
You have very sharp teeth.
Your uncanny sense of smell can sniff out nearby items.


Message History

You hit the hobgoblin but do no damage.
The hobgoblin is almost dead.
The hobgoblin misses you.
You closely miss the hobgoblin.
The hobgoblin is almost dead.
The hobgoblin barely misses you.
You closely miss the hobgoblin.
The hobgoblin is almost dead.
The hobgoblin hits you but does no damage.
You hit the hobgoblin but do no damage.
The hobgoblin is almost dead.
You block the hobgoblin's attack.
You hit the hobgoblin but do no damage.
The hobgoblin is almost dead.
The hobgoblin hits you with a +0 club.
* * * LOW HITPOINT WARNING * * *
You hit the hobgoblin but do no damage.
The hobgoblin is almost dead.
The hobgoblin hits you with a +0 club.
You die...

.. ####.### ####
#....#.##.
#......#.#..#...
#......#.#..#.#####
#......#.#........#
#......#.#.##.###.#
................>.#
.......#@#.....##.#
.......#g###.#)...#
..########..w#
#....###
........##.###
###.## #......)...#
#.# ............#
#.# .............#
#.# ........##.#.#
#.# .=......####...
#.#


You could see a dart slug and a hobgoblin.

Vanquished Creatures
  A giant cockroach (D:1)
  A goblin (D:1)
  A kobold (D:1)
3 creatures vanquished.

Notes
Turn   | Place    | Note
-------+----------+-------------------------------------------
     0 | D:1      | Garbasso the Gnoll Wanderer began the quest for the Orb.
     0 | D:1      | Garbasso set off with: a +0 shield, a potion of curing, a
                  | +0 robe, a +0 dagger, a ration
     0 | D:1      | Reached XP level 1. HP: 17/17 MP: 4/4
    89 | D:1      | Slain by a hobgoblin

Vault maps used:
D:1:      lemuel_arrival_lava_pool, minivault_27, roderic_serpentine_path

Action                   || total
-------------------------++-------
Melee: Dagger            ||    33
       Bite              ||     3
Armor: Robe              ||     6
Dodge: Dodged            ||     6
Block: Shield            ||    12

Table legend:
 A = Non-vault XP
 B = Vault XP
 C = Vault XP percentage of total XP
 D = Non-vault monster count
 E = Vault monster count
 F = Vault count percentage of total count
                 A         B        C        D         E       F
            +---------+---------+-------+---------+---------+-------
      Total |       6 |       0 |   0.0 |       3 |       0 |   0.0
            +---------+---------+-------+---------+---------+-------
        D:1 |       6 |       0 |   0.0 |       3 |       0 |   0.0
            +---------+---------+-------+---------+---------+-------
